 Dungeon Crawl Stone Soup version 0.29.0-4-gdea44cf6ec (webtiles) character file.

Game seed: 17077152069631078959

338 qw the Ruffian (level 6, -8/50 HPs)
             Began as a Ghoul Fire Elementalist on Aug 29, 2022.
             Mangled by an ogre
             ... wielding a +0 giant club
              (10 damage)
             ... on level 4 of the Dungeon.
             The game lasted 00:04:16 (4923 turns).

qw the Ruffian (Ghoul Fire Elementalist)            Turns: 4923, Time: 00:04:17

Health: -8/50      AC: 21    Str: 14    XL:     6   Next: 55%
Magic:  7/7        EV:  5    Int: 10    God:
Gold:   35         SH:  3    Dex:  9    Spells: 7/8 levels left

rFire   + . .      SeeInvis +     - Unarmed
rCold   + + .      Faith    .   a - +0 buckler
rNeg    + + +      Spirit   .   b - +8 chain mail "Nuabiag" {SInv}
rPois   inf        Reflect  .   e - +0 helmet
rElec   .          Harm     .   (no cloak)
rCorr   +          Rampage  .   c - +3 pair of gloves of Gozag's Approval {*Corrode rF+ rC+ Will++}
Will    ++...                   (no boots)
Stlth   ..........              (no amulet)
HPRegen 0.00/turn               l - ring of resist corrosion
MPRegen 0.10/turn               (no ring)

@: inhibited regen
A: claws 1, cold resistance 1, negative energy resistance 3, inhibited
regeneration, torment resistance 2, devour on kill
a: no special abilities


You were on level 4 of the Dungeon.
You visited 1 branch of the dungeon, and saw 4 of its levels.

You collected 138 gold pieces.
You spent 103 gold pieces at shops.


Innate Abilities, Weirdness & Mutations

You are immune to poison.
You have sharp fingernails.
Your flesh is cold resistant. (rC+)
You are immune to negative energy. (rN+++)
You do not regenerate when monsters are visible.
You are immune to unholy pain and torment.
You thrive by killing the living.


   Skills:
 - Level 2.4 Fighting
 - Level 1.0 Armour
 - Level 1.7 Dodging
 - Level 2.1 Stealth
 - Level 1.2 Shields
 + Level 5.8 Unarmed Combat
 - Level 1.7 Spellcasting
 - Level 0.7 Conjurations
 - Level 2.4 Fire Magic


You had 7 spell levels left.
You knew the following spells:

 Your Spells              Type           Power      Damage    Failure   Level
a - Foxfire               Conj/Fire      16%        2x1d4     100%        1

Your spell library contained the following spells:

 Spells                   Type           Power      Damage    Failure   Level
 Scorch                   Fire           10%        2d6       100%        2
 Conjure Flame            Conj/Fire      4%         6-21      100%        3
 Inner Flame              Hex/Fire       3%         N/A       100%        3
 Flame Wave               Conj/Fire      4%         2d5       100%        4

Inventory:

Armour
 a - a +0 buckler (worn)
 b - the +8 chain mail "Nuabiag" (worn) {SInv}
   (You acquired it on level 2 of the Dungeon)

   SInv:      It lets you see invisible.
 c - the +3 pair of gloves of Gozag's Approval (worn) {*Corrode rF+ rC+ Will++}
   (You acquired it on level 2 of the Dungeon)

   rF:        It protects you from fire.
   rC:        It protects you from cold.
   *Corrode:  It may corrode you when you take damage.
   Will:      It greatly increases your willpower.
 e - a +0 helmet (worn)
Jewellery
 l - a ring of resist corrosion (left hand)
Scrolls
 j - a scroll of enchant weapon
 m - a scroll of identify
Potions
 g - a potion of flight {unknown}
 h - a potion of heal wounds {unknown}
 i - a potion of curing {unknown}

Dungeon Overview and Level Annotations

Branches:
Dungeon (4/15)
 Temple: D:4-7

Altars:

Shops:
D:2 [[=


Message History

The ogre is moderately wounded.
4907 ||| Stepping ~*~*~tactically~*~*~ (outnumbered).
The ogre attacks as you move away! The ogre barely misses you.
You hit the ogre.
The ogre is heavily wounded.
The ogre hits you with a +0 giant club!!
You punch the ogre!
The ogre is severely wounded.
You completely miss the ogre.
The ogre is severely wounded.
The ogre hits you but does no damage.
You hit the ogre.
The ogre is almost dead.
You block the ogre's attack.
You barely miss the ogre.
The ogre is almost dead.
4913 ||| Stepping ~*~*~tactically~*~*~ (outnumbered).
4914 ||| Stepping ~*~*~tactically~*~*~ (outnumbered).
The orc throws a stone.
You block the stone.
You hit the ogre.
The ogre is almost dead.
The ogre barely misses you.
You hit the ogre but do no damage.
The ogre is almost dead.
4917 ||| Stepping ~*~*~tactically~*~*~ (outnumbered).
Found 8 gold pieces.
The orc barely misses you.
4918 ||| Stepping ~*~*~tactically~*~*~ (outnumbered).
You hit the orc but do no damage. The orc hits you but does no damage.
You punch the orc!
You kill the orc!
You closely miss the goblin. The goblin hits you but does no damage.
You hit the goblin.
You kill the goblin!
You barely miss the ogre.
The ogre is almost dead.
The ogre hits you with a +0 giant club!
You die...

### ..## #...##
#########.#...
#..@O.....#.#
#.....#..#....##.#
#.#..###..#.......
#..... #.......#
......
##..........
#....# ##.........
#..... ..........
.$.... ##......!..
##.#......


You could see an ogre.

Vanquished Creatures
  2 vampire bats (D:3)
  2 orc priests
  Robin (D:3)
  An adder (D:2)
  8 gnolls
  2 worms (D:2)
  A dart slug (D:2)
  5 orcs
  5 ball pythons
  6 endoplasms
  4 giant cockroaches
  16 goblins
  8 hobgoblins
  7 kobolds
  3 quokkas
  14 bats
  4 frilled lizards
  3 rats
92 creatures vanquished.

Vanquished Creatures (others)
  11 fungi (D:2)
11 creatures vanquished.

Grand Total: 103 creatures vanquished

Notes
Turn   | Place    | Note
-------+----------+-------------------------------------------
     0 | D:1      | qw the Ghoul Fire Elementalist began the quest for the Orb.
     0 | D:1      | Reached XP level 1. HP: 14/14 MP: 2/2
     0 | D:1      | 0 ||| qw: Version: 0.1-a-90-g952f4b7
     0 | D:1      | 0 ||| qw: Game counter: 4195
     0 | D:1      | 0 ||| qw: Always use a shield: true
     0 | D:1      | 0 ||| qw: God list: Okawaru
     0 | D:1      | 0 ||| qw: Allow faded altars: false
     0 | D:1      | 0 ||| qw: Do Orc after D:15 true
     0 | D:1      | 0 ||| qw: Do second Lair branch before Depths: true
     0 | D:1      | 0 ||| qw: Lair rune preference: random
     0 | D:1      | 0 ||| qw: Plans: Normal
     0 | D:1      | 0 ||| PLANNING D:1-11
   290 | D:1      | 290 ||| Stepping ~*~*~tactically~*~*~ (stealth).
   299 | D:1      | 299 ||| Stepping ~*~*~tactically~*~*~ (stealth).
   301 | D:1      | 301 ||| Stepping ~*~*~tactically~*~*~ (stealth).
   308 | D:1      | Reached skill level 1 in Unarmed Combat
   444 | D:1      | 444 ||| Stepping ~*~*~tactically~*~*~ (stealth).
   445 | D:1      | 445 ||| Stepping ~*~*~tactically~*~*~ (stealth).
   455 | D:1      | Reached skill level 1 in Fighting
   455 | D:1      | Reached XP level 2. HP: 17/23 MP: 3/3
   882 | D:1      | 882 ||| Stepping ~*~*~tactically~*~*~ (outnumbered).
   897 | D:1      | Reached skill level 2 in Unarmed Combat
  1143 | D:1      | Reached XP level 3. HP: 27/28 MP: 4/4
  1705 | D:1      | 1705 ||| UPGRADING to +0 ring mail.
  1715 | D:1      | 1715 ||| DROPPING +0 robe.
  1716 | D:1      | 1716 ||| READING scroll labelled COHASY EDOD.
  1717 | D:1      | 1717 ||| READING scroll labelled LYUNEL ERA.
  1718 | D:1      | 1718 ||| DRINKING 2 viscous purple potions.
  1719 | D:1      | 1719 ||| DROPPING potion of magic.
  1720 | D:1      | 1720 ||| DROPPING potion of brilliance.
  1911 | D:2      | Found Cickaite's Armour Shop.
  1965 | D:2      | Reached skill level 3 in Unarmed Combat
  1965 | D:2      | 1965 ||| FLEEEEING.
  1966 | D:2      | 1966 ||| FLEEEEING.
  1967 | D:2      | 1967 ||| FLEEEEING.
  1968 | D:2      | 1968 ||| FLEEEEING.
  1969 | D:2      | 1969 ||| FLEEEEING.
  1970 | D:2      | 1970 ||| FLEEEEING.
  1971 | D:2      | 1971 ||| FLEEEEING.
  2162 | D:2      | Found Urydyris's Antique Armour Boutique.
  2177 | D:2      | 2177 ||| SHOPLISTING +9 scales of the Dragon King {rPois
                  | rF+ rC+ Will+} (3494 gold, have 118).
  2177 | D:2      | 2177 ||| SHOPLISTING glowing cloak (210 gold, have 118).
  2177 | D:2      | 2177 ||| SHOPLISTING helmet (126 gold, have 118).
  2177 | D:2      | 2177 ||| SHOPLISTING pair of glowing gloves (210 gold, have
                  | 118).
  2177 | D:2      | 2177 ||| BUYING runed robe (103 gold).
  2177 | D:2      | Bought a runed robe for 103 gold pieces
  2449 | D:2      | Found Liakkon's Jewellery Shop.
  2457 | D:2      | 2457 ||| SHOPLISTING +4 ring of evasion (504 gold, have
                  | 15).
  2457 | D:2      | 2457 ||| SHOPLISTING +6 ring of strength (504 gold, have
                  | 15).
  2457 | D:2      | 2457 ||| SHOPLISTING amulet of guardian spirit (420 gold,
                  | have 15).
  2457 | D:2      | 2457 ||| SHOPLISTING ring of ice (350 gold, have 15).
  2457 | D:2      | 2457 ||| SHOPLISTING ring of see invisible (210 gold, have
                  | 15).
  2457 | D:2      | 2457 ||| SHOPLISTING ring of willpower (350 gold, have 15).
  2554 | D:2      | 2554 ||| Stepping ~*~*~tactically~*~*~ (stealth).
  2570 | D:2      | Reached XP level 4. HP: 34/35 MP: 5/5
  2815 | D:2      | 2815 ||| DROPPING +1 robe of positive energy.
  2816 | D:2      | 2816 ||| DROPPING amulet of faith.
  2817 | D:2      | 2817 ||| UPGRADING to ring of resist corrosion.
  2818 | D:2      | 2818 ||| READING scroll labelled ENAOFA JIEVIM.
  2819 | D:2      | 2819 ||| READING scroll labelled SOTOJY KUMAON.
  2820 | D:2      | 2820 ||| READING scroll labelled SUSHEE KUTIJI.
  2821 | D:2      | 2821 ||| READING 2 scrolls labelled OTWUOK RYHE.
  2824 | D:2      | 2824 ||| READING scroll labelled KOGRAHA COSK.
  2825 | D:2      | 2825 ||| READING scroll labelled BEWURE VOTO.
  3061 | D:3      | 3061 ||| Stepping ~*~*~tactically~*~*~ (outnumbered).
  3089 | D:3      | Reached skill level 4 in Unarmed Combat
  3090 | D:3      | Reached XP level 5. HP: 33/40 MP: 6/6
  3289 | D:3      | 3289 ||| Stepping ~*~*~tactically~*~*~ (stealth).
  3290 | D:3      | 3290 ||| Stepping ~*~*~tactically~*~*~ (stealth).
  3310 | D:3      | Noticed Robin
  3311 | D:3      | 3311 ||| Stepping ~*~*~tactically~*~*~ (stealth).
  3313 | D:3      | 3313 ||| Stepping ~*~*~tactically~*~*~ (hiding).
  3328 | D:3      | Reached skill level 5 in Unarmed Combat
  3329 | D:3      | 3329 ||| Stepping ~*~*~tactically~*~*~ (hiding).
  3334 | D:3      | 3334 ||| Stepping ~*~*~tactically~*~*~ (hiding).
  3356 | D:3      | Killed Robin
  3391 | D:3      | 3391 ||| FLEEEEING.
  3393 | D:3      | 3393 ||| FLEEEEING.
  3394 | D:3      | 3394 ||| FLEEEEING.
  3395 | D:3      | 3395 ||| FLEEEEING.
  3396 | D:3      | 3396 ||| FLEEEEING.
  3397 | D:3      | 3397 ||| FLEEEEING.
  3398 | D:3      | 3398 ||| FLEEEEING.
  3399 | D:3      | 3399 ||| FLEEEEING.
  3400 | D:3      | 3400 ||| FLEEEEING.
  3401 | D:3      | 3401 ||| FLEEEEING.
  3402 | D:3      | 3402 ||| FLEEEEING.
  3403 | D:3      | 3403 ||| FLEEEEING.
  3404 | D:3      | 3404 ||| FLEEEEING.
  3405 | D:3      | 3405 ||| FLEEEEING.
  3406 | D:3      | 3406 ||| FLEEEEING.
  3407 | D:3      | 3407 ||| FLEEEEING.
  3408 | D:3      | 3408 ||| FLEEEEING.
  3409 | D:3      | 3409 ||| FLEEEEING.
  3410 | D:3      | 3410 ||| FLEEEEING.
  3411 | D:3      | 3411 ||| FLEEEEING.
  3412 | D:3      | 3412 ||| FLEEEEING.
  3413 | D:3      | 3413 ||| FLEEEEING.
  3414 | D:3      | 3414 ||| FLEEEEING.
  3415 | D:3      | 3415 ||| FLEEEEING.
  3416 | D:3      | 3416 ||| FLEEEEING.
  3417 | D:3      | 3417 ||| FLEEEEING.
  3418 | D:3      | 3418 ||| FLEEEEING.
  3419 | D:3      | 3419 ||| FLEEEEING.
  3420 | D:3      | 3420 ||| FLEEEEING.
  3421 | D:3      | 3421 ||| FLEEEEING.
  3422 | D:3      | 3422 ||| FLEEEEING.
  3423 | D:3      | 3423 ||| FLEEEEING.
  3424 | D:3      | 3424 ||| FLEEEEING.
  3425 | D:3      | 3425 ||| FLEEEEING.
  3426 | D:3      | 3426 ||| FLEEEEING.
  3427 | D:3      | 3427 ||| FLEEEEING.
  3428 | D:3      | 3428 ||| FLEEEEING.
  3429 | D:3      | 3429 ||| FLEEEEING.
  3430 | D:3      | 3430 ||| FLEEEEING.
  3431 | D:3      | 3431 ||| FLEEEEING.
  3432 | D:3      | 3432 ||| FLEEEEING.
  3433 | D:3      | 3433 ||| FLEEEEING.
  3434 | D:3      | 3434 ||| FLEEEEING.
  3435 | D:3      | 3435 ||| FLEEEEING.
  3436 | D:3      | 3436 ||| FLEEEEING.
  3437 | D:3      | 3437 ||| FLEEEEING.
  3438 | D:3      | 3438 ||| FLEEEEING.
  3439 | D:3      | 3439 ||| FLEEEEING.
  3440 | D:3      | 3440 ||| FLEEEEING.
  3441 | D:3      | 3441 ||| FLEEEEING.
  3442 | D:3      | 3442 ||| FLEEEEING.
  3443 | D:3      | 3443 ||| FLEEEEING.
  3444 | D:3      | 3444 ||| FLEEEEING.
  3445 | D:3      | 3445 ||| FLEEEEING.
  3446 | D:3      | 3446 ||| FLEEEEING.
  3447 | D:3      | 3447 ||| FLEEEEING.
  3448 | D:3      | 3448 ||| FLEEEEING.
  3449 | D:3      | 3449 ||| FLEEEEING.
  3450 | D:3      | 3450 ||| FLEEEEING.
  3451 | D:3      | 3451 ||| FLEEEEING.
  3452 | D:3      | 3452 ||| FLEEEEING.
  3453 | D:3      | 3453 ||| FLEEEEING.
  3454 | D:3      | 3454 ||| FLEEEEING.
  3455 | D:3      | 3455 ||| FLEEEEING.
  3456 | D:3      | 3456 ||| FLEEEEING.
  3457 | D:3      | 3457 ||| FLEEEEING.
  3458 | D:3      | 3458 ||| FLEEEEING.
  3459 | D:3      | 3459 ||| FLEEEEING.
  3460 | D:3      | 3460 ||| FLEEEEING.
  3461 | D:3      | 3461 ||| FLEEEEING.
  3462 | D:3      | 3462 ||| FLEEEEING.
  3463 | D:3      | 3463 ||| FLEEEEING.
  3464 | D:3      | 3464 ||| FLEEEEING.
  3465 | D:3      | 3465 ||| FLEEEEING.
  3466 | D:3      | 3466 ||| FLEEEEING.
  3467 | D:3      | 3467 ||| FLEEEEING.
  3468 | D:3      | 3468 ||| FLEEEEING.
  3469 | D:3      | 3469 ||| STAIRDANCE
  3530 | D:2      | 3530 ||| UPGRADING to +0 buckler.
  3537 | D:3      | 3537 ||| STAIRDANCE
  3539 | D:2      | 3539 ||| Stepping ~*~*~tactically~*~*~ (outnumbered).
  3540 | D:2      | 3540 ||| Stepping ~*~*~tactically~*~*~ (outnumbered).
  3542 | D:2      | 3542 ||| Stepping ~*~*~tactically~*~*~ (outnumbered).
  3544 | D:2      | Reached XP level 6. HP: 34/50 MP: 7/7
  3664 | D:3      | 3664 ||| STAIRDANCE
  3672 | D:2      | Reached skill level 1 in Shields
  3802 | D:3      | 3802 ||| Stepping ~*~*~tactically~*~*~ (stealth).
  3804 | D:3      | 3804 ||| Stepping ~*~*~tactically~*~*~ (hiding).
  3806 | D:3      | 3806 ||| Stepping ~*~*~tactically~*~*~ (hiding).
  3813 | D:3      | 3813 ||| Stepping ~*~*~tactically~*~*~ (stealth).
  3828 | D:3      | 3828 ||| Stepping ~*~*~tactically~*~*~ (stealth).
  4000 | D:3      | 4000 ||| Stepping ~*~*~tactically~*~*~ (stealth).
  4240 | D:3      | 4240 ||| FLEEEEING.
  4241 | D:3      | 4241 ||| FLEEEEING.
  4242 | D:3      | 4242 ||| FLEEEEING.
  4243 | D:3      | 4243 ||| FLEEEEING.
  4244 | D:3      | 4244 ||| FLEEEEING.
  4245 | D:3      | 4245 ||| FLEEEEING.
  4246 | D:3      | 4246 ||| FLEEEEING.
  4247 | D:3      | 4247 ||| FLEEEEING.
  4248 | D:3      | 4248 ||| FLEEEEING.
  4249 | D:3      | 4249 ||| FLEEEEING.
  4250 | D:3      | 4250 ||| FLEEEEING.
  4251 | D:3      | 4251 ||| FLEEEEING.
  4252 | D:3      | 4252 ||| FLEEEEING.
  4253 | D:3      | 4253 ||| FLEEEEING.
  4254 | D:3      | 4254 ||| FLEEEEING.
  4255 | D:3      | 4255 ||| FLEEEEING.
  4256 | D:3      | 4256 ||| FLEEEEING.
  4258 | D:3      | 4258 ||| FLEEEEING.
  4259 | D:3      | 4259 ||| FLEEEEING.
  4260 | D:3      | 4260 ||| FLEEEEING.
  4261 | D:3      | 4261 ||| FLEEEEING.
  4277 | D:3      | 4277 ||| Stepping ~*~*~tactically~*~*~ (stealth).
  4349 | D:3      | 4349 ||| FLEEEEING.
  4350 | D:3      | 4350 ||| FLEEEEING.
  4351 | D:3      | 4351 ||| STAIRDANCE
  4441 | D:2      | 4441 ||| UPGRADING to +0 chain mail.
  4451 | D:2      | 4451 ||| DROPPING +0 ring mail.
  4452 | D:2      | 4452 ||| UPGRADING to +0 helmet.
  4457 | D:2      | 4457 ||| READING 2 scrolls labelled ENULUM YNKOMPO.
  4457 | D:2      | Identified 2 scrolls of acquirement
  4457 | D:2      | 4457 ||| ACQUIRING +8 chain mail "Nuabiag" {SInv}
  4457 | D:2      | Acquired the +8 chain mail "Nuabiag" {SInv}
  4459 | D:2      | 4459 ||| UPGRADING to +8 chain mail "Nuabiag" {SInv}.
  4469 | D:2      | 4469 ||| DROPPING +0 chain mail.
  4470 | D:2      | 4470 ||| READING scroll of acquirement.
  4470 | D:2      | 4470 ||| ACQUIRING +3 pair of gloves of Gozag's Approval
                  | {*Corrode rF+ rC+ Will++}
  4470 | D:2      | Acquired the +3 pair of gloves of Gozag's Approval
                  | {*Corrode rF+ rC+ Will++}
  4472 | D:2      | 4472 ||| UPGRADING to +3 pair of gloves of Gozag's Approval
                  | {*Corrode rF+ rC+ Will++}.
  4477 | D:2      | 4477 ||| READING 2 scrolls of identify.
  4477 | D:2      | 4477 ||| IDENTIFYING amethyst potion
  4478 | D:2      | 4478 ||| DROPPING potion of lignification.
  4705 | D:4      | Reached skill level 1 in Armour
  4714 | D:4      | HP: 2/50 [orc priest/divine providence (12)]
  4715 | D:4      | 4715 ||| READING scroll of teleportation.
  4907 | D:4      | 4907 ||| Stepping ~*~*~tactically~*~*~ (outnumbered).
  4908 | D:4      | HP: 2/50 [ogre/+0 giant club (20)]
  4913 | D:4      | 4913 ||| Stepping ~*~*~tactically~*~*~ (outnumbered).
  4914 | D:4      | 4914 ||| Stepping ~*~*~tactically~*~*~ (outnumbered).
  4917 | D:4      | 4917 ||| Stepping ~*~*~tactically~*~*~ (outnumbered).
  4918 | D:4      | 4918 ||| Stepping ~*~*~tactically~*~*~ (outnumbered).
  4923 | D:4      | Mangled by an ogre

Levels and vault maps discovered:
D:1:      dpeg_arrival_shelter, layout_basic
D:2:      layout_basic, serial_shops, nicolae_shop_hallway_stairs,
          nicolae_shop_window_shopping, shop, kennysheep_nondescript,
          mrwooster_statue_mirror, chequers_serial_rivers_small_a,
          dreamdust_mushroom_princess
D:3:      layout_loops_ring, elyvilon_altar_5, roderic_batcave,
          grunt_ministairs_15, uniq_robin
D:4:      layout_rooms, nemelex_xobeh_ov_fountains_minmay,
          nicolae_figureground_sparkle

Skill      XL: |  1  2  3  4  5  6 |
---------------+-------------------+-----
Unarmed Combat | 1 2 3 4 5 |  5.8
Fighting       | 1 2 |  2.4
Shields        | 1 |  1.2
Armour         | 1 |  1.0
Dodging        | |  1.7
Stealth        | |  2.1
Spellcasting   | |  1.7
Conjurations   | |  0.7
Fire Magic     | |  2.4

Action                   |  1- 3 |  4- 6 || total
-------------------------+-------+-------++-------
Melee: Unarmed           |   181 |   223 ||   404
       Punch             |     2 |     2 ||     4
  Use: Scroll            |     2 |    10 ||    12
       Potion            |     1 |       ||     1
 Stab: Sleeping          |     2 |       ||     2
Armor: Robe              |    11 |       ||    11
       Ring mail         |    38 |    47 ||    85
       Chain mail        |       |    27 ||    27
Dodge: Dodged            |    97 |   103 ||   200
Block: Buckler           |       |    15 ||    15

Table legend:
 A = Non-vault XP
 B = Vault XP
 C = Vault XP percentage of total XP
 D = Non-vault monster count
 E = Vault monster count
 F = Vault count percentage of total count
                 A         B        C        D         E       F
            +---------+---------+-------+---------+---------+-------
      Total |     316 |     167 |  34.6 |      68 |      24 |  26.1
            +---------+---------+-------+---------+---------+-------
        D:1 |      40 |       0 |   0.0 |      25 |       0 |   0.0
        D:2 |      89 |       0 |   0.0 |      19 |       0 |   0.0
        D:3 |     140 |     167 |  54.4 |      21 |      24 |  53.3
        D:4 |      47 |       0 |   0.0 |       3 |       0 |   0.0
            +---------+---------+-------+---------+---------+-------
